 Dungeon Crawl Stone Soup version 0.25-a0-86-ga6f17ae7d4 (webtiles) character file.

Game seed: 13149391484920871547, levelgen mode: deterministic

8658 MordorOrchid the Thaumaturge (level 11, -3/86 HPs)
             Began as a Yellow Draconian Venom Mage on Nov 9, 2019.
             Was a High Priest of Vehumet.
             Slain by an orc warrior
             ... wielding a +0 short sword
              (19 damage)
             ... on level 2 of the Orcish Mines.
             The game lasted 01:13:26 (9655 turns).

MordorOrchid the Thaumaturge (DrVM)                 Turns: 9655, Time: 01:13:28

Health: -3/86      AC:  7    Str: 11    XL:     11   Next: 12%
Magic:  23/34      EV: 14    Int: 18    God:    Vehumet [*****.]
Gold:   820        SH:  5    Dex: 12    Spells: 3/30 levels left

rFire    . . .     SeeInvis .   p - +2 trident (flame)
rCold    . . .     Gourm    .   z - +0 buckler
rNeg     . . .     Faith    .   (armour unavailable)
rPois    .         Spirit   .   (helmet restricted)
rElec    .         Reflect  .   (no cloak)
rCorr    +         Harm     .   (no gloves)
MR       .....                  (no boots)
Stlth    ++........             m - amulet of rage
HPRegen  0.24/turn              S - ring of magical power
MPRegen  0.24/turn              (no ring)

@: radiating poison
A: spit acid, unfitting armour, cold-blooded, acid resistance, AC +7
a: Breathe Acid, Renounce Religion, Evoke Berserk Rage


You were on level 2 of the Orcish Mines.
You worshipped Vehumet.
Vehumet was extremely pleased with you.
You were very hungry.

You visited 2 branches of the dungeon, and saw 12 of its levels.

You collected 820 gold pieces.

Inventory:

Hand Weapons
 d - a +2 flail of holy wrath
 j - a +0 hunting sling
 l - a +0 whip
 p - a +2 trident of flaming (weapon)
 w - a +0 whip of flaming
 y - a +1 dagger
 R - a +0 rapier
Missiles
 g - 341 stones
 h - 65 bolts
 i - 15 poisoned darts
 t - 77 sling bullets
 u - 16 boomerangs (quivered)
 P - 2 arrows
Armour
 z - a +0 buckler (worn)
Magical Staves
 N - an uncursed staff of fire
Jewellery
 m - an amulet of rage (around neck)
 S - a ring of magical power (left hand)
Wands
 s - a wand of paralysis (13)
 H - a wand of iceblast (4)
 J - a wand of random effects (43)
 K - a wand of flame (23)
 L - a wand of polymorph (7)
Scrolls
 a - 2 scrolls of immolation
 c - 2 scrolls of enchant weapon
 f - a scroll of noise {unknown}
 k - 7 scrolls of remove curse
 v - 2 scrolls of enchant armour
 D - a scroll of amnesia
 E - 5 scrolls of teleportation
 F - a scroll of magic mapping {unknown}
 G - a scroll of brand weapon {unknown}
Potions
 n - 5 potions of heal wounds {unknown}
 o - 3 potions of invisibility
 q - a potion of agility
 r - 2 potions of ambrosia
 x - a potion of haste
 A - a potion of mutation {unknown}
 B - 4 potions of lignification
 C - a potion of magic {unknown}
 I - a potion of flight {unknown}
 M - a potion of berserk rage
 O - a potion of curing
Miscellaneous
 e - a sack of spiders
Comestibles
 b - 22 rations
 Q - 6 chunks of flesh


   Skills:
 - Level 5.0 Fighting
 * Level 5.3 Dodging
 - Level 3.0 Stealth
 - Level 4.0 Shields
 + Level 10.3 Spellcasting
 * Level 6.0 Conjurations
 - Level 2.0 Hexes
 * Level 0.9 Transmutations
 * Level 2.8 Fire Magic
 - Level 2.0 Air Magic
 - Level 5.0 Poison Magic
 * Level 5.1 Evocations


You had 3 spell levels left.
You knew the following spells:

 Your Spells              Type           Power        Failure   Level  Hunger
a - Sting                 Conj/Pois      ####         1%          1    None
b - Olgreb's Toxic Radia  Pois           ####....     2%          4    ###....
d - Inner Flame           Hex/Fire       ###.....     2%          3    None
e - Airstrike             Air            ###.......   9%          4    ###....
f - Venom Bolt            Conj/Pois      ####......   6%          5    #####..
g - Mephitic Cloud        Conj/Pois/Air  ###.....     1%          3    None
p - Poisonous Vapours     Pois/Air       ###...       2%          2    None
r - Irradiate             Conj/Tmut      ###.......   13%         5    #####..

Your spell library contained the following spells:

 Spells                   Type           Power        Failure   Level  Hunger
 Yara's Violent Unravell  Hex/Tmut       ##........   28%         5    #####..
 Cause Fear               Hex            ###.......   32%         4    ###....
 Silence                  Hex/Air        ###.......   67%         5    #####..
 Deflect Missiles         Chrm/Air       ##........   100%        6    ######.
 Discord                  Hex            ###.......   100%        8    #######


Dungeon Overview and Level Annotations

Branches:
Dungeon (10/15)            Temple (0/1) D:6            Lair (0/6) D:9
    Orc (2/2) D:10
    Elf: Orc:2

Altars:
Dithmenos
Elyvilon
Gozag
Makhleb
Nemelex Xobeh
Okawaru
Qazlal
Ru
Sif Muna
Trog
Uskayaw
Vehumet
Xom
Yredelemnul
The Shining One
Beogh

Shops:
D:10 (

Annotations:
D:10 Josephine


Innate Abilities, Weirdness & Mutations

You can spit globs of acid.
Your golden yellow scales are hard. (AC +7)
You cannot fit into any form of body armour.
You are cold-blooded and may be slowed by cold attacks.
You are resistant to acid. (rCorr)


Message History

Aiming: Poisonous Vapours (safe; 2% risk of failure)
Press: ? - help, Dir - move target cursor, f - orc warrior
Aim: an orc warrior, wielding a +0 dire flail and wearing a +0 chain mail (heavily wounded) Poisonous vapours surround the orc warrior!
The orc warrior is engulfed in poison gas.
The orc warrior is poisoned.
The orc warrior hits you with a +0 dire flail!
* * * LOW HITPOINT WARNING * * *
The orc warrior closely misses you.
There is a stone staircase leading up here.
The orc warrior looks more healthy.
Things that are here:
a +0 short sword; an orc skeleton
Casting: Poisonous Vapours (safe; 2% risk of failure)
Confirm with . or Enter, or press ? or * to list all spells.
You begin to radiate toxic energy.
The orc warrior is poisoned. x2
You are feeling very hungry.
The orc warrior looks even sicker.
The orc warrior closely misses you.
The orc warrior hits you with a +0 short sword!!
You die...

#......#.#....
##...........$.
#..............
o...................
.......#.#.......#
#........$..#...##
##..........#....# ##.
#...............##
##..###.@#............###
#....#..oo#............#
#.#.[..).#....รท......## #
#......................#
##^
##.#.....)..............
... # ##....[<.[....[.....#
... ####....)....#........#
#.#.#.###..................
#.....####..............[.


You could see 2 orc warriors.

Vanquished Creatures
  A two-headed ogre (D:8)
  Pikel (D:7)
  Joseph (D:7)
  Prince Ribbit (D:7)
  A troll (D:9)
  Grinder (D:4)
  3 hippogriffs
  A steam dragon (D:7)
  A hungry ghost (D:10)
  A hell hound (Orc:2)
  Duvessa (D:5)
  2 ice beasts
  3 slaves (D:7)
  9 orc warriors
  A black bear (D:10)
  4 phantoms
  5 sky beasts
  5 ogres
  6 centaurs
  2 big kobolds
  4 bullfrogs
  A gnoll sergeant (D:10)
  Dowan (D:5)
  5 scorpions
  A troll zombie (D:10)
  3 wights
  A howler monkey (D:6)
  A crimson imp (D:6)
  A quasit (D:9)
  A centaur zombie (D:3)
  15 orc priests
  5 hounds
  3 jellies
  8 orc wizards
  A centaur skeleton (D:8)
  Terence (D:3)
  7 iguanas
  6 worker ants
  2 killer bee zombies
  7 ogre zombies (D:10)
  A hound skeleton (D:4)
  3 worker ant zombies
  9 gnolls
  10 adders
  2 howler monkey skeletons (D:3)
  A shadow imp (D:5)
  An adder zombie (D:6)
  3 adder skeletons
  4 worms
  2 dart slugs
  4 leopard geckos
  45 orcs
  A ball python (D:4)
  4 bats
  9 giant cockroaches
  7 goblins
  7 hobgoblins
  18 jackals
  12 kobolds
  A quokka (D:10)
  4 frilled lizards
  2 goblin skeletons (D:10)
  5 goblin zombies (D:10)
  3 hobgoblin skeletons (D:10)
  3 hobgoblin zombies (D:10)
  A jackal skeleton (D:4)
  A leopard gecko skeleton (D:7)
  An orc skeleton (D:10)
  11 orc zombies (D:10)
  A quokka zombie (D:3)
  7 rats
307 creatures vanquished.

Vanquished Creatures (others)
  A slave (D:7)
1 creature vanquished.

Grand Total: 308 creatures vanquished

Notes
Turn   | Place    | Note
-------+----------+-------------------------------------------
     0 | D:1      | MordorOrchid the Draconian Venom Mage began the quest for
                  | the Orb.
     0 | D:1      | Reached XP level 1. HP: 14/14 MP: 3/3
   130 | D:1      | Reached XP level 2. HP: 22/22 MP: 0/5
   134 | D:1      | Learned a level 2 spell: Poisonous Vapours
   718 | D:2      | Reached XP level 3. HP: 25/27 MP: 2/6
   723 | D:2      | Learned a level 3 spell: Mephitic Cloud
  1051 | D:2      | Reached skill level 1 in Fighting
  1197 | D:2      | Noticed a centaur
  1220 | D:2      | Killed a centaur
  1220 | D:2      | Reached skill level 3 in Spellcasting
  1220 | D:2      | Reached skill level 1 in Air Magic
  1220 | D:2      | Reached XP level 4. HP: 20/35 MP: 4/8
  1429 | D:2      | Reached XP level 5. HP: 40/40 MP: 4/9
  1440 | D:2      | Learned a level 4 spell: Olgreb's Toxic Radiance
  2014 | D:3      | Found a hide-covered altar of Uskayaw.
  2427 | D:3      | Noticed Terence
  2444 | D:3      | Killed Terence
  2444 | D:3      | Reached XP level 6. HP: 48/48 MP: 8/11
  2718 | D:4      | Found a sparkling altar of Nemelex Xobeh.
  2719 | D:4      | Found an iron altar of Okawaru.
  2719 | D:4      | Found a radiant altar of Vehumet.
  2719 | D:4      | Found a burning altar of Makhleb.
  2780 | D:4      | Became a worshipper of Vehumet
  2825 | D:4      | Reached skill level 4 in Spellcasting
  2885 | D:4      | Your scales start taking on a golden yellow colour.
  2885 | D:4      | Reached XP level 7. HP: 52/55 MP: 4/13
  2885 | D:4      | Gained mutation: You are resistant to acid. (rCorr) [Yellow
                  | Draconian growth]
  3125 | D:4      | Reached skill level 5 in Spellcasting
  3472 | D:4      | Found a shimmering blue altar of Sif Muna.
  3504 | D:5      | Entered Level 5 of the Dungeon
  3708 | D:5      | Noticed Grinder
  3708 | D:5      | Paralysed by Grinder for 5 turns
  3721 | D:5      | Paralysed by Grinder for 3 turns
  3727 | D:5      | HP: 1/55 [Grinder (4)]
  3785 | D:4      | Killed Grinder
  3785 | D:4      | Reached * piety under Vehumet
  3785 | D:4      | Offered knowledge of Magic Dart by Vehumet.
  3785 | D:4      | Reached skill level 1 in Shields
  3785 | D:4      | Reached skill level 6 in Spellcasting
  3785 | D:4      | Reached skill level 1 in Evocations
  3785 | D:4      | Reached XP level 8. HP: 22/61 MP: 15/17
  3853 | D:5      | Found a stormy altar of Qazlal.
  3954 | D:5      | Noticed Duvessa
  3955 | D:5      | Noticed Dowan
  3982 | D:5      | Killed Duvessa
  3993 | D:5      | Killed Dowan
  4197 | D:5      | Reached skill level 5 in Poison Magic
  4447 | D:6      | Found a staircase to the Ecumenical Temple.
  4502 | D:6      | Reached skill level 7 in Spellcasting
  4719 | D:6      | Found a sacrificial altar of Ru.
  4719 | D:6      | Found a basalt altar of Yredelemnul.
  4719 | D:6      | Found a shimmering altar of Xom.
  4719 | D:6      | Found a white marble altar of Elyvilon.
  4774 | D:6      | Found a shadowy altar of Dithmenos.
  4774 | D:6      | Found an opulent altar of Gozag.
  4903 | D:6      | Reached XP level 9. HP: 48/67 MP: 12/20
  5027 | D:7      | Noticed Joseph
  5050 | D:7      | Killed Joseph
  5050 | D:7      | Reached ** piety under Vehumet
  5050 | D:7      | Reached skill level 8 in Spellcasting
  5333 | D:6      | Found a glowing golden altar of the Shining One.
  5387 | D:6      | Offered knowledge of Sandblast by Vehumet.
  5985 | D:7      | Reached skill level 9 in Spellcasting
  6078 | D:7      | Noticed Pikel
  6078 | D:7      | Noticed Prince Ribbit
  6152 | D:7      | Killed Pikel
  6152 | D:7      | Reached skill level 5 in Conjurations
  6152 | D:7      | Reached XP level 10. HP: 75/77 MP: 2/23
  6369 | D:7      | Offered knowledge of Inner Flame by Vehumet.
  6376 | D:7      | Learned a level 3 spell: Inner Flame
  6397 | D:7      | Killed Prince Ribbit
  6497 | D:8      | Found a burning altar of Makhleb.
  6538 | D:8      | Found a bloodstained altar of Trog.
  6896 | D:8      | Reached *** piety under Vehumet
  6945 | D:8      | Noticed a two-headed ogre
  6954 | D:8      | Killed a two-headed ogre
  6954 | D:8      | Reached skill level 1 in Hexes
  6954 | D:8      | Reached skill level 1 in Fire Magic
  7365 | D:8      | Learned a level 5 spell: Venom Bolt
  7419 | D:9      | Found a staircase to the Lair.
  7477 | D:9      | Offered knowledge of Airstrike by Vehumet.
  7491 | D:9      | Learned a level 4 spell: Airstrike
  7536 | D:9      | Reached skill level 5 in Dodging
  7742 | D:10     | Entered Level 10 of the Dungeon
  7841 | D:9      | Reached **** piety under Vehumet
  7963 | D:10     | Offered knowledge of Fulminant Prism by Vehumet.
  8181 | D:10     | Reached skill level 10 in Spellcasting
  8223 | D:10     | Found a staircase to the Orcish Mines.
  8430 | D:10     | Noticed Josephine
  8626 | D:10     | Reached ***** piety under Vehumet
  8707 | D:10     | Found Wossupto's Antique Weapon Shoppe.
  8726 | D:10     | Reached XP level 11. HP: 85/85 MP: 15/25
  8831 | D:10     | Offered knowledge of Irradiate by Vehumet.
  8838 | D:10     | Learned a level 5 spell: Irradiate
  9099 | Orc:1    | Entered Level 1 of the Orcish Mines
  9134 | Orc:1    | Reached skill level 5 in Evocations
  9238 | Orc:2    | Entered Level 2 of the Orcish Mines
  9241 | Orc:2    | Reached skill level 5 in Fighting
  9565 | Orc:1    | Found a roughly hewn altar of Beogh.
  9655 | Orc:2    | Slain by an orc warrior

Levels and vault maps discovered:
D:1:      minmay_arrival_stone_box, layout_loops_ring, minmay_small_reverse_x
D:2:      layout_basic, first_ration
D:3:      layout_loops_ring, lemuel_doored_altar, serial_undead,
          serial_undead_a, serial_undead_d, serial_undead_b, serial_undead_d,
          serial_undead_e, serial_undead_d, uniq_terence
D:4:      layout_rooms, led_sif_pool, nicolae_overflow_hidden_temple,
          grunt_temple_overflow_open, corexii_checkpoint_b
D:5:      layout_cave_pods, lemuel_crystal_altar, uniq_duvessa, uniq_grinder
D:6:      layout_basic, kennysheep_mini, minmay_overflow_temple_hex, temple_hall
D:7:      layout_cave_pools, uniq_joseph, uniq_prince_ribbit1, uniq_pikel
D:8:      layout_loops_corners, kennysheep_little_box, grunt_pizzeria,
          makhleb_heckhound_becter
D:9:      layout_cave_pools, lair_entry_dummy, kennysheep_generic_room_4
D:10:     layout_basic, zombieorc2_lemuel, serial_shops,
          nicolae_shop_window_shopping, uniq_josephine
Orc:1:    layout_caves, basic_altar
Orc:2:    pf_orc_diabolical, layout_caves, basic_altar, uniq_urug, uniq_azrael

Skill      XL: |  1  2  3  4  5  6  7  8  9 10 11 |
---------------+----------------------------------+-----
Dodging        | 2 3 4 5 |  5.3
Stealth        | 2 3 |  3.0
Fighting       | 1 2 3 4 5 |  5.0
Spellcasting   | 3 4 6 7 9 10 | 10.3
Air Magic      | 1 2 |  2.0
Conjurations   | 2 3 4 5 6 |  6.0
Poison Magic   | 4 5 |  5.0
Shields        | 1 2 4 |  4.0
Evocations     | 1 2 4 5 |  5.1
Hexes          | 2 |  2.0
Fire Magic     | 2 |  2.8
Transmutations | |  0.9

Action                   |  1- 3 |  4- 6 |  7- 9 | 10-12 || total
-------------------------+-------+-------+-------+-------++-------
Melee: Dagger            |    19 |    47 |    76 |    33 ||   175
       Tailslap          |     1 |     4 |    10 |    22 ||    37
       Longbow           |       |       |     1 |       ||     1
       Flail             |       |       |    17 |    73 ||    90
       Whip              |       |       |       |    27 ||    27
       Trident           |       |       |       |    18 ||    18
 Fire: Shortbow          |       |       |    12 |       ||    12
       Longbow           |       |       |    56 |    10 ||    66
       Hunting sling     |       |       |       |    49 ||    49
Throw: Boomerang         |       |       |     6 |    18 ||    24
 Cast: Sting             |    34 |    18 |    33 |    44 ||   129
       Poisonous Vapours |    15 |    32 |    84 |    55 ||   186
       Mephitic Cloud    |     1 |     1 |    13 |    12 ||    27
       Olgreb's Toxic Ra |       |       |    11 |    22 ||    33
       Airstrike         |       |       |       |    32 ||    32
       Venom Bolt        |       |       |       |    17 ||    17
 Abil: Evoke Berserk Rag |     1 |     7 |     2 |       ||    10
       Breathe Acid      |       |       |     4 |     1 ||     5
Evoke: Wand              |       |       |     3 |     4 ||     7
  Use: Scroll            |     6 |     1 |    12 |       ||    19
       Potion            |       |       |    11 |       ||    11
 Stab: Confused          |       |     1 |     5 |     6 ||    12
       Sleeping          |       |     1 |       |       ||     1
  Eat: Chunk             |     3 |    14 |    16 |    19 ||    52
Armor: Skin              |    10 |    20 |    51 |    53 ||   134
Dodge: Dodged            |    28 |    29 |   116 |   121 ||   294
Block: Buckler           |       |       |       |    29 ||    29

Table legend:
 A = Non-vault XP
 B = Vault XP
 C = Vault XP percentage of total XP
 D = Non-vault monster count
 E = Vault monster count
 F = Vault count percentage of total count
                 A         B        C        D         E       F
            +---------+---------+-------+---------+---------+-------
      Total |    9422 |    2947 |  23.8 |     243 |      61 |  20.1
            +---------+---------+-------+---------+---------+-------
        D:1 |      48 |       7 |  12.7 |      22 |       4 |  15.4
        D:2 |     159 |       0 |   0.0 |      17 |       0 |   0.0
        D:3 |      74 |     153 |  67.4 |      12 |       9 |  42.9
        D:4 |     689 |     265 |  27.8 |      20 |       3 |  13.0
        D:5 |     527 |     218 |  29.3 |      11 |       2 |  15.4
        D:6 |    1165 |       0 |   0.0 |      28 |       0 |   0.0
        D:7 |    1984 |    1299 |  39.6 |      31 |       3 |   8.8
        D:8 |    1529 |     171 |  10.1 |      22 |       2 |   8.3
        D:9 |     906 |     417 |  31.5 |      20 |       4 |  16.7
       D:10 |    1270 |     269 |  17.5 |      25 |      33 |  56.9
      Orc:1 |     440 |       0 |   0.0 |      18 |       0 |   0.0
      Orc:2 |     631 |     148 |  19.0 |      17 |       1 |   5.6
            +---------+---------+-------+---------+---------+-------
